AoeStats
← Kevin Durant

Nomad

507490552Analyzed
4v4 RM · 15d ago on Sep 18, 2026· 27m 13s· 8 players
Game mode
Random Map
Map size
231×231
Population
200
Speed
Normal
Resources
Standard
Victory
Conquest
Starting age
Dark Age
Ending age
Imperial Age
RankedLock teamsTeams togetherTeam positionsShared explorationLock speedFull tech treeHidden civsTurbo modeCheats
Victory
Defeat
🇨🇳 Wu · China
1354
+15
🇨🇳 Vietnamese · China
1289
+17
🇨🇳 Saracens · China
1240
+19
🇨🇳 Chinese · China
1215
+20
🇨🇳 Maya · China
1551
-26
🇩🇪 Persians · Germany
1301
-17
🇬🇷 Georgians · Greece
1288
-17
🇩🇪 Britons · Germany
1136
-11
chessolymp
4:31 Loom
15:23 Feudal Age
17:16 Fishing Lines
20:25 Castle Age
21:18 Gillnets
22:08 Scale Barding Armor
22:53 Bloodlines
24:11 Chain Barding Armor
Kevin Durant
16:18 Feudal Age
17:05 Loom
17:33 Horse Collar
20:02 Castle Age
18:30 Double-Bit Axe
19:41 Wheelbarrow
20:56 Heavy Plow
小山
7:31 Loom
13:38 Feudal Age
17:45 Castle Age
17:16 Double-Bit Axe
17:12 Horse Collar
20:38 Gold Mining
21:00 Bow Saw
21:38 Stone Mining
24:38 Fletching
mojotzotzo
5:12 Loom
13:19 Feudal Age
14:20 Town Watch
17:39 Castle Age
15:40 Double-Bit Axe
15:36 Horse Collar
18:56 Bow Saw
18:47 Heavy Plow
25:56 Wheelbarrow
25:13 Gold Mining
25:19 Stone Mining
SimonGood
15:18 Feudal Age
16:03 Double-Bit Axe
16:03 Fishing Lines
16:05 Horse Collar
18:59 Castle Age
18:04 Fletching
19:52 Bodkin Arrow
21:43 Bow Saw
21:30 Gillnets
23:37 Treadmill Crane
24:21 Ballistics
25:31 Thumb Ring
26:06 Padded Archer Armor
27:11 Bloodlines
27:01 Husbandry
pxh42
4:48 Loom
5:23 Loom
14:06 Feudal Age
17:42 Castle Age
15:40 Fishing Lines
16:18 Gold Mining
16:34 Double-Bit Axe
17:42 Fletching
19:16 Bow Saw
20:14 Bodkin Arrow
21:11 Padded Archer Armor
22:40 Gillnets
25:27 Wheelbarrow
25:34 Horse Collar
qiufen40
8:55 Loom
15:40 Feudal Age
20:36 Castle Age
20:59 Fletching
25:58 Crossbowman
27:28 Bodkin Arrow
大清第一巴图鲁
3:57 Loom
15:44 Feudal Age
20:17 Double-Bit Axe
23:06 Castle Age
21:14 Gold Mining
24:47 Bow Saw
26:19 Gold Shaft Mining
25:34 Stone Mining
26:44 Wheelbarrow
Connection lost

Rejoining the realm…

Still unreachable

The connection could not be restored.

Session expired

The server has moved on; the page needs a fresh start.